 Dungeon Crawl Stone Soup version 0.22-a0-322-g60b3cfd (webtiles) character file.

823 xccam the Twirler (level 7, -3/60 HPs)
             Began as a Gnoll Wanderer on Apr 4, 2018.
             Slain by Pikel
             ... wielding a +2 whip of electrocution
              (11 damage)
             ... on level 5 of the Dungeon.
             The game lasted 00:05:27 (3309 turns).

xccam the Twirler (Gnoll Wanderer)                  Turns: 3309, Time: 00:05:28

Health: -3/60      AC:  9    Str: 18    XL:     7   Next: 96%
Magic:  11/11      EV:  8    Int: 14    God:
Gold:   249        SH:  0    Dex: 13    Spells: 11/11 levels left

rFire    . . .     SeeInvis .   d - +0 quarterstaff
rCold    . . .     Gourm    .   (shield currently unavailable)
rNeg     . . .     Faith    .   p - +0 chain mail
rPois    .         Spirit   .   (no helmet)
rElec    .         Reflect  .   (no cloak)
rCorr    .         Harm     .   (no gloves)
MR       .....                  (no boots)
Stlth    ..........             n - amulet of regeneration
HPRegen  0.60/turn              (no ring)
MPRegen  0.12/turn              (no ring)

@: no status effects
A: distributed training, fangs 1, strong nose
a: no special abilities


You were on level 5 of the Dungeon.
You were full.

You visited 1 branch of the dungeon, and saw 5 of its levels.

You collected 249 gold pieces.

Inventory:

Hand Weapons
 d - a +0 quarterstaff (weapon)
Missiles
 m - 5 javelins (quivered)
Armour
 p - a +0 chain mail (worn)
Jewellery
 j - an uncursed amulet of the gourmand
 n - an amulet of regeneration (around neck)
 o - an uncursed amulet of rage
Scrolls
 g - 3 scrolls of remove curse
 h - 2 scrolls of fog {unknown}
 k - 3 scrolls of teleportation
 r - a scroll of fear {unknown}
Potions
 a - a potion of cancellation
 l - a potion of ambrosia
 q - a potion of magic
Comestibles
 f - 6 rations


   Skills:
 + Level 7.1 Fighting
 + Level 2.7 Short Blades
 + Level 2.7 Long Blades
 + Level 3.8 Axes
 + Level 2.7 Maces & Flails
 + Level 2.7 Polearms
 + Level 7.1 Staves
 + Level 2.7 Slings
 + Level 2.7 Bows
 + Level 2.7 Crossbows
 + Level 2.7 Throwing
 + Level 3.8 Armour
 + Level 2.7 Dodging
 + Level 3.7 Stealth
 + Level 3.8 Shields
 + Level 2.7 Unarmed Combat
 + Level 2.7 Spellcasting
 + Level 2.2 Conjurations
 + Level 2.2 Hexes
 + Level 2.2 Charms
 + Level 2.2 Summonings
 + Level 2.2 Necromancy
 + Level 2.2 Translocations
 + Level 2.2 Transmutations
 + Level 2.2 Fire Magic
 + Level 2.2 Ice Magic
 + Level 2.2 Air Magic
 + Level 2.2 Earth Magic
 + Level 2.2 Poison Magic
 + Level 3.0 Invocations
 + Level 2.7 Evocations


You had 11 spell levels left.
You didn't know any spells.

Dungeon Overview and Level Annotations

Branches:
Dungeon (5/15)
 Temple: D:4-7

Altars:
Ashenzari
Makhleb
Qazlal

Annotations:
D:5 Pikel


Innate Abilities, Weirdness & Mutations

Your experience applies equally to all skills.
You have very sharp teeth.
Your uncanny sense of smell can sniff out nearby items.


Message History

Pikel is severely wounded.
Pikel barely misses you.
You hit Pikel but do no damage. Your bite misses Pikel.
Pikel is severely wounded.
Pikel hits you but does no damage.
You closely miss Pikel.
Pikel is severely wounded.
Pikel hits you with a whip of electrocution.
You closely miss Pikel.
Pikel is severely wounded.
You hear the brisk rusting of a distant drain.
Pikel hits you with a whip of electrocution!
* * * LOW HITPOINT WARNING * * *
You are electrocuted!
* * * LOW HITPOINT WARNING * * *
You feel better.
Pikel hits you with a whip of electrocution.
* * * LOW HITPOINT WARNING * * *
You are electrocuted!
You die...

##.......# (.......#
#(...>..# #.......#
#.(.....#
#.##.#.......#
.......pp# #.##.###K#
...###@############
....................
.#######.###..#####
######.###..# ## .....
#...........##. ..#
#...# #.####.##...##.#
##.. ∆ #...# #.#
##......##.# ... .
#...# #.#
#.......##.#####.. ..
#...#
#.###.##..#...........


You could see Pikel and 2 slaves.

Vanquished Creatures
  Prince Ribbit (D:5)
  Menkaure (D:5)
  A water moccasin (D:5)
  A slave (D:5)
  2 scorpions
  A howler monkey (D:5)
  A crimson imp (D:5)
  A hound (D:4)
  2 worker ants (D:4)
  6 adders
  A shadow imp (D:3)
  3 worms (D:2)
  A dart slug (D:1)
  4 leopard geckos
  7 orcs (D:3)
  4 giant cockroaches
  8 goblins
  7 hobgoblins
  2 jackals (D:3)
  4 kobolds
  2 quokkas
  3 ball pythons (D:3)
  3 bats
  4 frilled lizards
  3 rats (D:3)
73 creatures vanquished.

Vanquished Creatures (others)
  4 toadstools (D:1)
4 creatures vanquished.

Grand Total: 77 creatures vanquished

Notes
Turn   | Place    | Note
-------+----------+-------------------------------------------
     0 | D:1      | xccam the Gnoll Wanderer began the quest for the Orb.
     0 | D:1      | xccam set off with: a +2 dagger, a potion of haste, a potion of lignification, a +0 quarterstaff, a +0 robe, a ration
     0 | D:1      | Reached XP level 1. HP: 23/23 MP: 1/1
    82 | D:1      | Reached XP level 2. HP: 24/29 MP: 2/2
   787 | D:2      | Reached XP level 3. HP: 20/35 MP: 3/3
   846 | D:2      | Found a faded altar of an unknown god.
  1365 | D:3      | Reached skill level 1 in Invocations
  1744 | D:3      | Reached skill level 1 in Short Blades
  1744 | D:3      | Reached skill level 1 in Long Blades
  1744 | D:3      | Reached skill level 1 in Maces & Flails
  1744 | D:3      | Reached skill level 1 in Polearms
  1744 | D:3      | Reached skill level 1 in Slings
  1744 | D:3      | Reached skill level 1 in Bows
  1744 | D:3      | Reached skill level 1 in Crossbows
  1744 | D:3      | Reached skill level 1 in Throwing
  1744 | D:3      | Reached skill level 1 in Dodging
  1744 | D:3      | Reached skill level 1 in Unarmed Combat
  1744 | D:3      | Reached skill level 1 in Spellcasting
  1744 | D:3      | Reached skill level 1 in Evocations
  1744 | D:3      | Reached XP level 4. HP: 41/41 MP: 5/5
  1908 | D:3      | Found a stormy altar of Qazlal.
  1950 | D:3      | Reached skill level 1 in Conjurations
  1950 | D:3      | Reached skill level 1 in Hexes
  1950 | D:3      | Reached skill level 1 in Charms
  1950 | D:3      | Reached skill level 1 in Summonings
  1950 | D:3      | Reached skill level 1 in Necromancy
  1950 | D:3      | Reached skill level 1 in Translocations
  1950 | D:3      | Reached skill level 1 in Transmutations
  1950 | D:3      | Reached skill level 1 in Fire Magic
  1950 | D:3      | Reached skill level 1 in Ice Magic
  1950 | D:3      | Reached skill level 1 in Air Magic
  1950 | D:3      | Reached skill level 1 in Earth Magic
  1950 | D:3      | Reached skill level 1 in Poison Magic
  2070 | D:3      | Found a shattered altar of Ashenzari.
  2320 | D:4      | Reached XP level 5. HP: 45/47 MP: 5/7
  2625 | D:4      | Reached XP level 6. HP: 53/53 MP: 8/8
  2631 | D:4      | Found a burning altar of Makhleb.
  2939 | D:5      | Entered Level 5 of the Dungeon
  2939 | D:5      | Noticed Pikel
  2939 | D:5      | Noticed a slave
  2939 | D:5      | Noticed a slave
  2941 | D:5      | Noticed a slave
  2986 | D:5      | Noticed a water moccasin
  2996 | D:5      | Killed a water moccasin
  3027 | D:5      | Reached XP level 7. HP: 31/59 MP: 10/10
  3045 | D:5      | Noticed Menkaure
  3045 | D:5      | Noticed Prince Ribbit
  3058 | D:5      | Killed Menkaure
  3079 | D:5      | Killed Prince Ribbit
  3308 | D:5      | HP: 3/60 [Pikel/whip of electrocution (14)]
  3309 | D:5      | Slain by Pikel

Vault maps used:
D:1:      ldierk_walled_garden_2, hangedman_abyss_or_decor_stabs
D:2:      chequers_ecumenical_altar_simple, corner_web_ring
D:3:      nicolae_overflow_hidden_temple, nicolae_qazlal_general_emergency
D:4:      first_ration, makhleb_blood_cavern_becter
D:5:      gup_sewer_entry_glass, uniq_pikel, uniq_menkaure, uniq_grinder,
          uniq_prince_ribbit1

Skill      XL: |  1  2  3  4  5  6  7 |
---------------+----------------------+-----
Invocations    | 1 2 3 |  3.0
Short Blades   | 1 2 |  2.7
Long Blades    | 1 2 |  2.7
Maces & Flails | 1 2 |  2.7
Polearms       | 1 2 |  2.7
Slings         | 1 2 |  2.7
Bows           | 1 2 |  2.7
Crossbows      | 1 2 |  2.7
Throwing       | 1 2 |  2.7
Dodging        | 1 2 |  2.7
Unarmed Combat | 1 2 |  2.7
Spellcasting   | 1 2 |  2.7
Evocations     | 1 2 |  2.7
Conjurations   | 1 2 |  2.2
Hexes          | 1 2 |  2.2
Charms         | 1 2 |  2.2
Summonings     | 1 2 |  2.2
Necromancy     | 1 2 |  2.2
Translocations | 1 2 |  2.2
Transmutations | 1 2 |  2.2
Fire Magic     | 1 2 |  2.2
Ice Magic      | 1 2 |  2.2
Air Magic      | 1 2 |  2.2
Earth Magic    | 1 2 |  2.2
Poison Magic   | 1 2 |  2.2
Axes           | 3 |  3.8
Armour         | 3 |  3.8
Shields        | 3 |  3.8
Stealth        | 3 |  3.7
Fighting       | 7 |  7.1
Staves         | 7 |  7.1

Action                   |  1- 3 |  4- 6 |  7- 9 || total
-------------------------+-------+-------+-------++-------
Melee: Quarterstaff      |    93 |   124 |    62 ||   279
       Bite              |    10 |    10 |     2 ||    22
Throw: Javelin           |       |       |     9 ||     9
  Use: Scroll            |       |     8 |       ||     8
       Potion            |       |     1 |     3 ||     4
 Stab: Sleeping          |     4 |       |       ||     4
  Eat: Chunk             |    10 |     7 |       ||    17
Armor: Robe              |    13 |     2 |       ||    15
       Chain mail        |       |    52 |    16 ||    68
       Skin              |       |       |     5 ||     5
Dodge: Dodged            |    32 |    48 |    16 ||    96

Table legend:
 A = Spawn XP
 B = Non-spawn XP
 C = Spawn XP percentage of total XP
 D = Spawn monster count
 E = Non-spawn monster count
 F = Spawn count percentage of total count
 G = Total turns spent on level
                    A         B        C        D         E        F      G
               +---------+---------+-------+---------+---------+-------+---------
         Total |       0 |    1177 |   0.0 |       0 |      72 |   0.0 |  3309
               +---------+---------+-------+---------+---------+-------+---------
           D:1 |       0 |      30 |   0.0 |       0 |      15 |   0.0 |   527
           D:2 |       0 |      22 |   0.0 |       0 |       7 |   0.0 |   830
           D:3 |       0 |     112 |   0.0 |       0 |      33 |   0.0 |   939
           D:4 |       0 |     214 |   0.0 |       0 |       9 |   0.0 |   675
           D:5 |       0 |     799 |   0.0 |       0 |       8 |   0.0 |   338
               +---------+---------+-------+---------+---------+-------+---------
